 Dungeon Crawl Stone Soup version 0.32-a0-520-g344ed53f66 (webtiles) character file.

Game seed: 1281270759438275452

1021 CowFu the Basher (level 8, -2/68 HPs)
             Began as a Mountain Dwarf Fighter on Feb 27, 2024.
             Was a Priest of Dithmenos.
             Killed from afar by a white imp (11 damage)
             ... with a puff of frost
             ... on level 5 of the Dungeon.
             The game lasted 00:05:16 (4241 turns).

CowFu the Basher (Mountain Dwarf Fighter)           Turns: 4241, Time: 00:05:16

Health: -2/68      AC:  8    Str: 20    XL:     8   Next: 2%
Magic:  8/8        EV:  8    Int: 10    God:    Dithmenos [***...]
Gold:   204        SH:  8    Dex:  9    Spells: 7/7 levels left

rFire   . . .        b - +4 whip
rCold   . . .        f - +0 kite shield
rNeg    . . .        c - +0 scale mail
rPois   .            (no helmet)
rElec   .            (no cloak)
rCorr   .            x - +0 pair of gloves
SInv    .            (no boots)
Will    .....        (no amulet) Stlth
                     (no ring)
HPRegen 0.31/turn    (no ring)
MPRegen 0.11/turn

%: no passive effects
@: wreathed by umbra
A: runic magic, artefact enchanting
a: Renounce Religion, Shadow Step


You were on level 5 of the Dungeon.
You worshipped Dithmenos.
Dithmenos was most pleased with you.
You visited 1 branch of the dungeon, and saw 5 of its levels.

You collected 204 gold pieces.

Inventory:

Hand Weapons
 a - a +0 flail
 b - a +4 whip (weapon)
Armour
 c - a +0 scale mail (worn)
 f - a +0 kite shield (worn)
 x - a +0 pair of gloves (worn)
Jewellery
 d - a +4 ring of slaying
 j - an amulet of faith
Wands
 t - a wand of warping (7)
Scrolls
 e - 3 scrolls of poison {unknown}
 h - 5 scrolls of identify {unknown}
 k - a scroll of silence {unknown}
 l - a scroll of vulnerability {unknown}
 m - 2 scrolls of enchant armour {unknown}
 o - a scroll of enchant weapon {unknown}
 p - 4 scrolls of blinking {unknown}
 q - a scroll of noise {unknown}
 r - a scroll of teleportation {unknown}
 s - a scroll of fear {unknown}
 u - a scroll of fog {unknown}
 v - a scroll of acquirement {unknown}
 y - a scroll of revelation {unknown}
 z - a scroll of summoning {unknown}
Potions
 g - 2 potions of curing {unknown}
 i - 2 potions of mutation {unknown}
 n - a potion of resistance {unknown}
 w - a potion of heal wounds {unknown}
 A - a potion of lignification {unknown}
 B - a potion of berserk rage {unknown}


   Skills:
 - Level 5.0 Fighting
 + Level 8.9 Maces & Flails
 - Level 5.0 Armour
 - Level 5.0 Shields


You had 7 spell levels left.
You didn't know any spells.
Your spell library contained the following spells:

 Spells                   Type           Power      Damage    Failure   Level
 Hailstorm                Conj/Ice       0%         3d5       98%         3
 Summon Ice Beast         Ice/Summ       0%         N/A       98%         3
 Volatile Blastmotes      Fire/Tloc      0%         2d10      98%         3
 Fulminant Prism          Conj/Alch      0%         3d5       100%        4
 Iskenderun's Mystic Bla  Conj/Tloc      0%         2d3       100%        4
 Summon Forest            Summ/Tloc      0%         N/A       100%        5
 Summon Mana Viper        Hex/Summ       0%         N/A       100%        5
 Sculpt Simulacrum        Ice/Alch       0%         N/A       100%        6
 Summon Cactus Giant      Summ           0%         N/A       100%        6


Dungeon Overview and Level Annotations

Branches:
Dungeon (5/15)             Temple (0/1) D:5

Altars:
Dithmenos
Elyvilon
Hepliaklqana
Nemelex Xobeh
Okawaru

Shops:
D:2 =


Innate Abilities, Weirdness & Mutations

Your spellcasting is much less encumbered by armour.
You can use scrolls of enchantment on lesser artefacts.


Message History

You are too injured to fight recklessly!
You are too injured to fight recklessly!
You are too injured to fight recklessly!
You are too injured to fight recklessly!
You are too injured to fight recklessly!
You are too injured to fight recklessly!
You are too injured to fight recklessly!
You are too injured to fight recklessly!
You are too injured to fight recklessly!
You are too injured to fight recklessly!
The adder hisses angrily.
You hit the iguana.
The iguana is lightly wounded.
You hit the iguana but do no damage.
The iguana is lightly wounded.
An iguana comes into view.
The iguana bites you but does no damage.
You barely miss the iguana.
The iguana is lightly wounded.
The iguana hisses angrily.
The white imp gestures at you. The puff of frost hits you.
The iguana bites you but does no damage.
You whack the iguana!
The iguana is heavily wounded.
You block the white imp's attack. The iguana bites you!
* * * LOW HITPOINT WARNING * * *
You hit the iguana.
The iguana is almost dead.
You barely miss the iguana.
The iguana is almost dead.
You block the white imp's attack. The iguana bites you.
* * * LOW HITPOINT WARNING * * *
You hit the iguana.
You kill the iguana!
Dithmenos accepts your kill. The adder bites you but does no damage.
The white imp gestures at you. The puff of frost hits you!
You die...

..⌠.....## #####
.........###...##
⌠.>.⌠...........#
..........###...#
..⌠.†...)..###..##
###.)...)...##...######''
##....)...##..........
##.......###.........
#>......# #.@.......
##.......###5S......
#.##......#..###.>. #.#
.####...l# .. #.. ##
##... . ##..# #.# ..


You could see an iguana, an adder and a white imp.

Vanquished Creatures
  Grinder (D:5)
  Sigmund (D:5)
  A kobold brigand (D:5)
  2 scorpions (D:4)
  A wight (D:5)
  3 hounds
  An orc priest (D:5)
  2 iguanas
  2 orc wizards (D:5)
  Ijyb (D:3)
  4 gnolls (D:3)
  7 adders
  3 dart slugs
  2 ribbon worms
  6 orcs
  8 bats
  9 endoplasms
  3 giant cockroaches
  8 goblins
  11 hobgoblins
  2 jackals (D:3)
  8 kobolds
  2 quokkas
  8 ball pythons
  5 frilled lizards
  3 rats (D:1)
104 creatures vanquished.

Notes
Turn   | Place    | Note
-------+----------+-------------------------------------------
     0 | D:1      | CowFu the Mountain Dwarf Fighter began the quest for the
                  | Orb.
     0 | D:1      | Reached XP level 1. HP: 19/19 MP: 1/1
   163 | D:1      | Reached skill level 3 in Maces & Flails
   169 | D:1      | Reached XP level 2. HP: 20/26 MP: 2/2
   561 | D:1      | Found a faded altar of an unknown god.
   577 | D:1      | Prayed at the altar of an unknown god.
   577 | D:1      | Became a worshipper of Dithmenos the Shadowed
   577 | D:1      | Reached * piety under Dithmenos
   981 | D:2      | Reached XP level 3. HP: 31/31 MP: 3/3
  1031 | D:2      | Found Goditer's Jewellery Shoppe.
  1778 | D:3      | Reached XP level 4. HP: 40/40 MP: 4/4
  2054 | D:3      | Noticed Ijyb
  2076 | D:3      | Killed Ijyb
  2111 | D:3      | Found a hazy altar of Hepliaklqana.
  2311 | D:3      | Reached ** piety under Dithmenos
  2317 | D:3      | Reached skill level 4 in Maces & Flails
  2317 | D:3      | Reached XP level 5. HP: 19/46 MP: 5/5
  2466 | D:3      | Found a sparkling altar of Nemelex Xobeh.
  2573 | D:3      | Found a white marble altar of Elyvilon.
  2959 | D:4      | Found an iron altar of Okawaru.
  3014 | D:4      | Reached XP level 6. HP: 24/53 MP: 6/6
  3611 | D:5      | Entered Level 5 of the Dungeon
  3618 | D:5      | Noticed Grinder
  3640 | D:5      | Killed Grinder
  3641 | D:5      | Reached skill level 5 in Fighting
  3641 | D:5      | Reached skill level 6 in Maces & Flails
  3641 | D:5      | Reached skill level 5 in Armour
  3641 | D:5      | Reached skill level 5 in Shields
  3641 | D:5      | Reached XP level 7. HP: 8/61 MP: 7/7
  3888 | D:5      | Found a staircase to the Ecumenical Temple.
  3933 | D:5      | Reached skill level 7 in Maces & Flails
  3949 | D:5      | Noticed Sigmund
  3964 | D:5      | Killed Sigmund
  3965 | D:5      | Reached skill level 8 in Maces & Flails
  4159 | D:5      | Reached *** piety under Dithmenos
  4234 | D:5      | Reached XP level 8. HP: 29/68 MP: 8/8
  4241 | D:5      | Killed from afar by a white imp

Illustrated notes

Levels and vault maps discovered:
D:1:      roderic_crop_circles_arrival_small, layout_basic,
          ebering_ecumenical_altar_mist, minivault_23
D:2:      layout_basic, serial_shops, shop, minivault_19
D:3:      layout_basic, mainiacjoe_overflow_surrounded_room,
          nicolae_overflow_crystal_walls, mainiacjoe_overflow_cross_hatched,
          chequers_hall_statues_wall_a, uniq_ijyb
D:4:      layout_cave_pools, okawaru_ov_weapons_minmay
D:5:      layout_cave_pods, temple_fountains, kennysheep_cross_room,
          minmay_manual_moon, uniq_grinder, uniq_menkaure, uniq_sigmund

Skill      XL: |  1  2  3  4  5  6  7 |
---------------+----------------------+-----
Maces & Flails | 3 4 6 8 |  8.9
Armour         | 4 5 |  5.0
Shields        | 4 5 |  5.0
Fighting       | 4 5 |  5.0

Action                     |  1- 3 |  4- 6 |  7- 9 || total
---------------------------+-------+-------+-------++-------
  Melee: Flail             |    34 |    96 |       ||   130
         Whip              |   105 |   105 |    85 ||   295
    Use: Potion            |       |     1 |       ||     1
 Armour: Scale mail        |    79 |   118 |    45 ||   242
  Dodge: Dodged            |    53 |    68 |    15 ||   136
         Repelled          |     1 |       |       ||     1
  Block: Kite shield       |    62 |    78 |    27 ||   167
         Buckler           |     3 |       |       ||     3

Table legend: (Time is in decaauts)
 A = Elapsed time spent in this place.
 B = Non-inter-level travel time spent in this place.
 C = Inter-level travel time spent in this place.
 D = Time resting spent in this place.
 E = Time spent auto-exploring this place.
 F = Levels seen in this place.
 G = Mean time per level.
                   A        B        C        D        E       F      G
               +--------+--------+--------+--------+--------+-----+--------+
         Total |   4279 |   4180 |     99 |      0 |   3359 |   5 |  855.8 |
       Dungeon |   4279 |   4180 |     99 |      0 |   3359 |   5 |  855.8 |
               +--------+--------+--------+--------+--------+-----+--------+

Top non-repeatable levels by time:
     D:3: 1113 daAuts
     D:1: 993 daAuts
     D:4: 778 daAuts
     D:2: 775 daAuts
     D:5: 619 daAuts
